 Dungeon Crawl Stone Soup version 0.31-a0-227-ga22c3bf811 (webtiles) character file.

Game seed: 1174853853376860224

783 BritishOli the Trooper (level 7, -10/57 HPs)
             Began as a Demonspawn Fighter on July 6, 2023.
             Mangled by an orc warrior
             ... wielding a +0 battleaxe
              (14 damage)
             ... on level 5 of the Dungeon.
             The game lasted 00:04:15 (3532 turns).

BritishOli the Trooper (Demonspawn Fighter)         Turns: 3532, Time: 00:04:16

Health: -10/57     AC:  7    Str: 18    XL:     7   Next: 55%
Magic:  7/7        EV:  9    Int: 10    God:
Gold:   202        SH:  9    Dex: 12    Spells: 6/6 levels left

rFire   . . .        i - +1 hand axe (flame)
rCold   + + .        c - +0 buckler
rNeg    . . .        b - +0 scale mail
rPois   .            (no helmet)
rElec   .            (no cloak)
rCorr   .            (no gloves)
SInv    .            (boots unavailable)
Will    .....        (no amulet) Stlth
                     r - ring of protection from cold
HPRegen 0.29/turn    v - ring of protection from cold
MPRegen 0.10/turn

%: no passive effects
@: no status effects
A: hooves 3, large bone plates 1, ignite blood 1
a: no special abilities


You were on level 5 of the Dungeon.
You visited 1 branch of the dungeon, and saw 5 of its levels.
You also visited: Ossuary.

You collected 202 gold pieces.

Inventory:

Hand Weapons
 a - a +0 long sword
 i - a +1 hand axe of flaming (weapon)
Armour
 b - a +0 scale mail (worn)
 c - a +0 buckler (worn)
Jewellery
 r - a ring of protection from cold (left hand)
 v - a ring of protection from cold (right hand)
Scrolls
 e - 7 scrolls of identify {unknown}
 g - a scroll of revelation {unknown}
 k - 2 scrolls of teleportation {unknown}
 p - a scroll of poison {unknown}
 q - a scroll of noise {unknown}
 u - a scroll of enchant weapon {unknown}
Potions
 d - 4 potions of might
 f - a potion of attraction {unknown}
 h - a potion of curing {unknown}
 j - 2 potions of lignification
 l - a potion of haste {unknown}
 m - a potion of ambrosia
 n - 2 potions of mutation {unknown}
 o - a potion of degeneration {unknown}
 s - 2 potions of invisibility {unknown}
 t - 2 potions of heal wounds


   Skills:
 + Level 5.7 Fighting
 - Level 2.2 Long Blades
 + Level 5.0 Armour
 + Level 5.1 Shields


You had 6 spell levels left.
You didn't know any spells.
Your spell library contained the following spells:

 Spells                   Type           Power      Damage    Failure   Level
 Ozocubu's Armour         Ice            0%         N/A       99%         3
 Metabolic Englaciation   Hex/Ice        0%         N/A       100%        5
 Simulacrum               Ice/Necr       0%         N/A       100%        6
 Malign Gateway           Summ/Tloc      0%         N/A       100%        7
 Summon Horrible Things   Summ           0%         N/A       100%        8


Dungeon Overview and Level Annotations

Branches:
Dungeon (5/15)            Ossuary (visited)
 Temple: D:4-7

Altars:

Shops:
D:2 [


Innate Abilities, Weirdness & Mutations

You have hooves in place of feet.
You are partially covered in large bone plates. (SH +4)
Your demonic aura sometimes causes spilled blood to erupt in flames.


Message History

The orc warrior hits you with a +0 battleaxe.
The orc warrior barely misses you.
You hit the orc warrior but do no damage.
The orc warrior closely misses you.
You hit the orc warrior. You burn the orc warrior. You kick the orc warrior.
The orc warrior is moderately wounded.
You block the orc warrior's attack.
You hit the orc warrior but do no damage.
The orc warrior is moderately wounded.
You block the orc warrior's attack. x2
You completely miss the orc warrior.
The orc warrior is moderately wounded.
The orc warrior barely misses you.
You hit the orc warrior but do no damage.
You kick the orc warrior!
The orc warrior is heavily wounded.
You block the orc warrior's attack.
You closely miss the orc warrior.
The orc warrior is heavily wounded.
The orc warrior closely misses you.
The orc warrior hits you with a +0 battleaxe.
You hit the orc warrior. You burn the orc warrior. You kick the orc warrior.
The orc warrior is severely wounded.
The orc warrior barely misses you.
You closely miss the orc warrior.
The orc warrior is severely wounded.
The orc warrior hits you with a +0 battleaxe!
You closely miss the orc warrior.
The orc warrior is severely wounded.
The orc warrior hits you with a +0 battleaxe!
* * * LOW HITPOINT WARNING * * *
The orc warrior hits you with a +0 battleaxe.
* * * LOW HITPOINT WARNING * * *
You closely miss the orc warrior. Your kick misses the orc warrior.
The orc warrior is severely wounded.
The orc warrior hits you with a +0 battleaxe.
* * * LOW HITPOINT WARNING * * *
The orc warrior attacks as you move away!
The orc warrior hits you with a +0 battleaxe!
You die...

.....## ...
....... ....## #.#
....... ....# #.#
....... ....+
###.##so.....
....#
#..o..o......
....##
###s##o......
.....#### #o#
.......
........### #o#
.?.....
##.#......# #@#
#######
....##..#.# #.#
######..#.######.#
#...........# .
##<.........#
#..##..........#
#..............#
....###..........#
## #..........#


You could see an orc warrior, a scorpion and 2 orcs.

Vanquished Creatures
  A black bear (D:4)
  A scorpion (D:5)
  4 water moccasin zombies (Ossuary)
  A howler monkey (D:4)
  A hound (D:4)
  2 jellies (D:5)
  Jessica (D:3)
  2 mummies (Ossuary)
  5 gnolls (D:5)
  4 adders
  An ufetubus (D:5)
  6 adder zombies (Ossuary)
  2 worms (D:2)
  A dart slug (D:2)
  2 orcs
  6 ball pythons
  5 bats
  10 endoplasms
  4 giant cockroaches
  4 gnoll zombies (Ossuary)
  6 goblins
  9 hobgoblins
  4 jackals
  7 quokkas
  3 frilled lizards
  11 kobolds
  6 kobold zombies (Ossuary)
  6 orc zombies (Ossuary)
  7 rats
  A rat zombie (D:5)
123 creatures vanquished.

Notes
Turn   | Place    | Note
-------+----------+-------------------------------------------
     0 | D:1      | BritishOli the Demonspawn Fighter began the quest for the
                  | Orb.
     0 | D:1      | Reached XP level 1. HP: 18/18 MP: 1/1
   373 | D:1      | Gained mutation: You have large cloven feet. [demonic
                  | ancestry]
   373 | D:1      | Reached XP level 2. HP: 24/24 MP: 2/2
   943 | D:1      | Gained mutation: You are partially covered in large bone
                  | plates. (SH +4) [demonic ancestry]
   943 | D:1      | Reached XP level 3. HP: 29/29 MP: 3/3
  1231 | D:2      | Found Plog's Antique Armour Shop.
  1409 | D:2      | Found a faded altar of an unknown god.
  1530 | D:2      | Gained mutation: Your demonic aura sometimes causes spilled
                  | blood to erupt in flames. [demonic ancestry]
  1530 | D:2      | Reached XP level 4. HP: 36/36 MP: 4/4
  1957 | D:3      | Noticed Jessica
  1966 | D:3      | Killed Jessica
  2150 | D:4      | Noticed a black bear
  2154 | D:4      | Killed a black bear
  2155 | D:4      | Gained mutation: You have hoof-like feet. [demonic
                  | ancestry]
  2155 | D:4      | Reached XP level 5. HP: 43/43 MP: 5/5
  2484 | D:4      | Gained mutation: You have hooves in place of feet. [demonic
                  | ancestry]
  2484 | D:4      | Reached XP level 6. HP: 49/49 MP: 6/6
  2849 | D:5      | Entered Level 5 of the Dungeon
  2947 | D:5      | Reached skill level 5 in Fighting
  3020 | D:5      | Found a sand-covered staircase.
  3029 | Ossuary  | Entered an ossuary
  3138 | Ossuary  | Reached XP level 7. HP: 49/56 MP: 7/7
  3257 | Ossuary  | Reached skill level 5 in Armour
  3280 | Ossuary  | Reached skill level 5 in Shields
  3532 | D:5      | Mangled by an orc warrior

Illustrated notes

Levels and vault maps discovered:
D:1:      lightli_iron_boxes, layout_basic, nrook_campfire,
          minmay_worlds_worst_comb
D:2:      layout_rooms, serial_shops, shop, shapermc_ecumenical_altar_ellora
D:3:      layout_rooms, hex_medium, minmay_statues_item, uniq_jessica
D:4:      layout_basic
D:5:      layout_rooms, worldfamousw_hep_ancestral_shrine, enter_ossuary_3,
          serial_bayou_lagoon_b

Skill      XL: |  1  2  3  4  5  6  7 |
---------------+----------------------+-----
Long Blades    | 2 |  2.2
Armour         | 3 4 5 |  5.0
Shields        | 3 4 5 |  5.1
Fighting       | 4 5 |  5.7

Action                     |  1- 3 |  4- 6 |  7- 9 || total
---------------------------+-------+-------+-------++-------
  Melee: Long sword        |    69 |       |       ||    69
         Kick              |    19 |    30 |    28 ||    77
         Hand axe          |    37 |   118 |    79 ||   234
    Use: Potion            |       |     4 |       ||     4
 Armour: Scale mail        |    37 |    48 |    19 ||   104
         Skin              |       |    16 |       ||    16
  Dodge: Dodged            |    45 |    49 |    30 ||   124
  Block: Buckler           |    26 |    57 |    27 ||   110

Table legend: (Time is in decaauts)
 A = Elapsed time spent in this place.
 B = Non-inter-level travel time spent in this place.
 C = Inter-level travel time spent in this place.
 D = Time resting spent in this place.
 E = Time spent auto-exploring this place.
 F = Levels seen in this place.
 G = Mean time per level.
                   A        B        C        D        E       F      G
               +--------+--------+--------+--------+--------+-----+--------+
         Total |   3630 |   3500 |    130 |    122 |   2596 |   6 |  605.0 |
       Dungeon |   3215 |   3085 |    130 |     39 |   2386 |   5 |  643.0 |
       Ossuary |    414 |    414 |      0 |     83 |    210 |   1 |  414.0 |
               +--------+--------+--------+--------+--------+-----+--------+

Top non-repeatable levels by time:
     D:1: 1080 daAuts
     D:4: 721 daAuts
     D:2: 577 daAuts
     D:3: 531 daAuts
 Ossuary: 414 daAuts
     D:5: 306 daAuts
